Map: Moonlight Madness LE (Void)

Players

SolaCe (Nina) - Winner!

  • Race: Protoss Protoss
  • League: Master

Patience

  • Race: Protoss Protoss
  • League: Platinum

Event: ASL Season 5 Prime League LOTV Beta

VOD

Have the link to the VOD?

Description

Time

  • Played on: Sept. 30, 2015, 8:35 p.m.
  • Length: 6:13

All games in this series

Show
View Real Time Build Order
Export as new Build Order

SolaCe Protoss - Winner!

Build Orders: Mass Adepts 

Get SALT Encoding   

  12  0:00  Probe (Chrono Boost)  
  13  0:10  Probe (Chrono Boost)  
  14  0:18  Pylon  
  14  0:21  Probe (Chrono Boost)  
  15  0:35  Probe (Chrono Boost)  
  15  0:37  Gateway  
  16  0:45  Probe (Chrono Boost)  
  16  0:46  Assimilator  
  17  0:51  Assimilator  
  17  0:55  Probe (Chrono Boost)  
  18  1:05  Probe (Chrono Boost)  
  19  1:15  Probe (Chrono Boost)  
  20  1:24  Cybernetics Core  
  20  1:25  Probe (Chrono Boost)  
  20  1:29  Pylon  
  21  1:35  Probe (Chrono Boost)  
  22  1:45  Probe (Chrono Boost)  
  23  1:55  Probe (Chrono Boost)  
  23  1:57  Warp Gate (Chrono Boost)  
  24  2:02  Robotics Facility  
  24  2:04  Adept  
  26  2:09  Pylon  
  26  2:12  Mothership Core  
  28  2:29  Gateway  
  28  2:46  Immortal (Chrono Boost)  
  28  2:48  Gateway  
  32  2:57  Gateway  
  32  3:21  Immortal (Chrono Boost)  
  34  3:31  Pylon  
  34  3:52  Warp Prism (Chrono Boost)  
  34  3:53  Adept x3  
  42  3:57  Adept  
  44  4:04  Pylon  
  44  4:20  Adept  
  44  4:22  Adept  
  44  4:23  Adept  
  50  4:31  Adept  
  52  4:40  Pylon  
  52  4:48  Adept  
  54  4:59  Stalker x2  
  58  5:17  Stalker  
  58  5:18  Stalker  
  62  5:34  Adept x2  
  56  5:45  Adept x2  
  58  5:56  Adept x2  
Show
View Real Time Build Order
Export as new Build Order

Patience Protoss 

Build Orders: 1 Gate Expand 

Get SALT Encoding   

  12  0:00  Probe (Chrono Boost)  
  13  0:14  Pylon  
  13  0:17  Probe (Chrono Boost)  
  14  0:27  Probe (Chrono Boost)  
  15  0:34  Gateway  
  15  0:37  Probe (Chrono Boost)  
  16  0:43  Assimilator  
  16  0:47  Probe (Chrono Boost)  
  17  0:57  Probe (Chrono Boost)  
  18  1:06  Probe (Chrono Boost)  
  19  1:17  Probe (Chrono Boost)  
  20  1:26  Nexus  
  20  1:29  Probe (Chrono Boost)  
  21  1:41  Cybernetics Core  
  21  1:42  Probe (Chrono Boost)  
  22  1:48  Assimilator  
  22  1:54  Pylon  
  22  1:57  Probe (Chrono Boost)  
  23  2:12  Probe (Chrono Boost)  
  24  2:19  Stalker  
  24  2:21  Mothership Core (Chrono Boost)  
  28  2:25  Warp Gate (Chrono Boost)  
  28  2:38  Robotics Facility  
  28  2:39  Probe (Chrono Boost)  
  28  2:40  Probe (Chrono Boost)  
  30  2:48  Pylon  
  30  2:49  Probe (Chrono Boost)  
  31  2:53  Probe (Chrono Boost)  
  32  2:59  Stalker  
  32  3:02  Probe (Chrono Boost)  
  32  3:03  Probe (Chrono Boost)  
  36  3:14  Pylon  
  36  3:17  Probe (Chrono Boost)  
  37  3:20  Immortal (Chrono Boost)  
  37  3:24  Probe (Chrono Boost)  
  37  3:26  Probe (Chrono Boost)  
  43  3:35  Forge  
  43  3:37  Probe  
  44  3:42  Pylon  
  44  3:48  Stalker, Pylon  
  46  3:49  Probe  
  46  3:52  Probe  
  48  3:57  Observer  
  48  3:59  Probe (Chrono Boost)  
  50  4:04  Probe (Chrono Boost)  
  50  4:06  Protoss Ground Weapons Level 1 (Chrono Boost)  
  51  4:10  Probe (Chrono Boost)  
  51  4:12  Twilight Council  
  52  4:17  Gateway  
  52  4:18  Gateway  
  52  4:20  Probe (Chrono Boost)  
  54  4:24  Observer  
  54  4:28  Probe (Chrono Boost)  
  54  4:30  Photon Cannon  
  55  4:35  Probe (Chrono Boost), Assimilator  
  55  4:38  Probe (Chrono Boost)  
  56  4:39  Assimilator  
  56  4:41  Pylon  
  56  4:53  Pylon  
  56  4:59  Adept, Pylon  
  62  5:06  Pylon  
  58  5:11  Pylon  
  58  5:13  Pylon  
  56  5:32  Adept x2  
  54  5:42  Pylon  
  41  5:49  Adept  
  41  5:52  Adept  
  34  6:04  Stalker  
Tags
 
Add a new tag
Caveats
  • Supply blocks, unpowered buildings, or Contaminate may cause inaccurate times.
  • Supply counts are checked every 10 seconds.